 Dungeon Crawl Stone Soup version 0.25-a0-1132-g9d38388ac0 (webtiles) character file.

Game seed: 211749460340038469, levelgen mode: deterministic

37 Hopman the Shield-Bearer (level 3, 27/34 HPs)
             Began as a Deep Dwarf Fighter on May 20, 2020.
             Quit the game on level 2 of the Dungeon.
             The game lasted 00:03:17 (1176 turns).

Hopman the Shield-Bearer (Deep Dwarf Fighter)       Turns: 1176, Time: 00:03:17

Health: 27/34      AC:  9    Str: 20    XL:     3   Next: 21%
Magic:  3/3        EV:  5    Int:  8    God:
Gold:   43         SH:  9    Dex: 12    Spells: 2/2 levels left

rFire    . . .     SeeInvis .   a - +0 war axe
rCold    . . .     Gourm    .   c - +0 kite shield
rNeg     . . .     Faith    .   k - +0 chain mail
rPois    .         Spirit   .   (no helmet)
rElec    .         Reflect  .   (no cloak)
rCorr    .         Harm     .   (no gloves)
MR       .....                  (no boots)
Stlth    ..........             (no amulet)
HPRegen  0.00/turn              (no ring)
MPRegen  0.08/turn              (no ring)

@: non-regenerating
A: damage resistance, heal wounds, sense surroundings 1, no regeneration
a: Heal Wounds


You were on level 2 of the Dungeon.
You were not hungry.

You visited 1 branch of the dungeon, and saw 2 of its levels.

You collected 43 gold pieces.

Inventory:

Hand Weapons
 a - a +0 war axe (weapon)
Armour
 b - a +0 scale mail
 c - a +0 kite shield (worn)
 k - a +0 chain mail (worn)
Scrolls
 e - 2 scrolls of remove curse {unknown}
 i - a scroll of amnesia {unknown}
 m - a scroll of identify {unknown}
Potions
 d - 2 potions of might
 h - a potion of haste {unknown}
 j - a potion of heal wounds {unknown}
 l - a potion of degeneration {unknown}
 n - a potion of cancellation {unknown}
 o - a potion of stabbing {unknown}
Comestibles
 f - 2 rations


   Skills:
 + Level 3.0 Fighting
 + Level 2.7 Axes
 + Level 3.7 Armour
 + Level 3.7 Shields


You had 2 spell levels left.
You didn't know any spells.
Your spell library was empty.

Dungeon Overview and Level Annotations

Branches:
Dungeon (2/15)

Altars:


Innate Abilities, Weirdness & Mutations

You are resistant to damage.
You can heal yourself by infusing magical energy.
You passively map a small area around you.
You do not regenerate.


Message History

The bat hits you but does no damage.
You closely miss the bat. The bat hits you but does no damage.
You block the bat's attack. x2
You closely miss the bat. You block the bat's attack.
The bat hits you but does no damage. You block the bat's attack. x2
You hit the bat.
You kill the bat!
A bat comes into view.
You hit the bat.
The bat is severely wounded.
The bat closely misses you. The bat hits you but does no damage.
You block the bat's attack.
You miss the bat.
The bat is severely wounded.
You block the bat's attack. You block the bat's attack.
You block the bat's attack. x2
Unknown command.
Unknown command.
Are you sure you want to abandon this character and quit the game? (Confirm with "yes".)

* , , , , *
, , , **** *
, *##### ,
,, ... ,****
* #b# * , *
#@# *
##########.#
#..........#
#.##########
### #.# ..#
#.# ..# #.#
.(# #.#
..#####.#


You could see a bat.

Vanquished Creatures
  4 dart slugs
  An orc (D:2)
  A ball python (D:1)
  A giant cockroach (D:1)
  2 goblins (D:1)
  3 hobgoblins (D:1)
  3 jackals (D:1)
  5 kobolds (D:1)
  2 bats
  2 frilled lizards (D:1)
  A leopard gecko skeleton (D:2)
  2 rats (D:1)
27 creatures vanquished.

Notes
Turn   | Place    | Note
-------+----------+-------------------------------------------
     0 | D:1      | Hopman the Deep Dwarf Fighter began the quest for the Orb.
     0 | D:1      | Reached XP level 1. HP: 20/20 MP: 1/1
    50 | D:1      | Reached XP level 2. HP: 21/27 MP: 2/2
   845 | D:1      | Reached XP level 3. HP: 27/34 MP: 3/3
  1176 | D:2      | Quit the game

Illustrated notes

Levels and vault maps discovered:
D:1:      tarquinn_simple_flora_water_f, layout_loops_cross,
          chequers_serial_rivers_room_b, nrook_loot_triangle, minmay_cut_off
D:2:      layout_basic

Skill      XL: |  1  2 |
---------------+-------+-----
Fighting       | 3 |  3.0
Axes           | |  2.7
Armour         | |  3.7
Shields        | |  3.7

Action                   || total
-------------------------++-------
Melee: War axe           ||    88
  Eat: Chunk             ||     1
Armor: Scale mail        ||    18
       Chain mail        ||    29
Dodge: Dodged            ||    17
Block: Kite shield       ||    53

Table legend:
 A = Non-vault XP
 B = Vault XP
 C = Vault XP percentage of total XP
 D = Non-vault monster count
 E = Vault monster count
 F = Vault count percentage of total count
                 A         B        C        D         E       F
            +---------+---------+-------+---------+---------+-------
      Total |      47 |       6 |  11.3 |      25 |       2 |   7.4
            +---------+---------+-------+---------+---------+-------
        D:1 |      38 |       6 |  13.6 |      21 |       2 |   8.7
        D:2 |       9 |       0 |   0.0 |       4 |       0 |   0.0
            +---------+---------+-------+---------+---------+-------
